 Dungeon Sprint DCSS version 0.24-a0-640-ge7cd8ce (webtiles) character file.

Game seed: 7110859398098828675, levelgen mode: deterministic

699 silentkaos13 the Martial Artist (level 7, -7/45 HPs)
             Began as an Octopode Transmuter on Sept 25, 2019.
             Was an Initiate of Cheibriados.
             Mangled by a sun demon (27 damage)
             ... summoned by a kobold demonologist
             ... in the Dungeon (Sprint I: "Red Sonja").
             The game lasted 00:01:30 (764 turns).

silentkaos13 the Martial Artist (OpTm)               Turns: 764, Time: 00:01:30

Health: -7/45      AC:  1    Str: 11    XL:     7   Next: 65%
Magic:  17/17      EV: 16    Int: 18    God:    Cheibriados [......]
Gold:   405        SH:  0    Dex: 13    Spells: 13/19 levels left

rFire    . . .     SeeInvis .     - Unarmed
rCold    . . .     Gourm    .   (no shield)
rNeg     . . .     Faith    .   (helmet restricted)
rPois    .         Spirit   .   (no amulet)
rElec    .         Reflect  .   (no ring)
rCorr    .         Harm     .   (no ring)
MR       .....     NoTele   +   (no ring)
Stlth    ++++......             (no ring)
HPRegen  0.15/turn              (no ring)
MPRegen  0.15/turn              (no ring)
                                (no ring)
                                (no ring)

@: very slow
A: almost no armour, stealthy swim, amphibious, 8 rings, constrict 8, camouflage
1, gelatinous body 1
a: Bend Time, Renounce Religion


You were in the Dungeon.
You worshipped Cheibriados.
Cheibriados was noncommittal.
You were not hungry.

You visited 1 branch You collected 405 gold pieces.

Inventory:

Missiles
 a - 10 arrows
Scrolls
 i - a scroll of blinking
 j - a scroll of amnesia {unknown}
Potions
 b - a potion of resistance {unknown}
 d - a potion of curing
 e - a potion of heal wounds
 f - a potion of haste
 g - 2 potions of magic
 h - a potion of berserk rage
Comestibles
 c - a ration
 k - 3 chunks of flesh


   Skills:
 + Level 2.3 Fighting
 + Level 5.9 Dodging
 + Level 5.6 Stealth
 + Level 11.1 Unarmed Combat
 + Level 6.9 Spellcasting
 + Level 6.3 Transmutations
 + Level 1.7 Poison Magic


You had 13 spell levels left.
You knew the following spells:

 Your Spells              Type           Power        Failure   Level  Hunger
a - Beastly Appendage     Tmut           ####..       1%          1    None
b - Sticks to Snakes      Tmut           ####....     1%          2    None
c - Spider Form           Tmut/Pois      ###.......   6%          3    ##.....

Your spell library contained the following spells:

 Spells                   Type           Power        Failure   Level  Hunger
 Blade Hands              Tmut           ####......   22%         5    #####..
 Ice Form                 Ice/Tmut       ###.....     30%         4    ####...


Dungeon Overview and Level Annotations

Branches:
Dungeon (1/1)

Altars:
Cheibriados
Dithmenos
Elyvilon
Fedhas
Gozag
Hepliaklqana
Kikubaaqudgha
Makhleb
Nemelex Xobeh
Okawaru
Qazlal
Ru
Sif Muna
Trog
Uskayaw
Vehumet
Wu Jian
Xom
Yredelemnul
Zin
The Shining One
Jiyva
Lugonu

Shops:
D [


Innate Abilities, Weirdness & Mutations

You cannot wear most types of armour.
You are very stealthy in the water. (Stealth+)
You are amphibious.
You can wear up to eight rings at the same time.
You can use your tentacles to constrict eight enemies at once.
Your skin changes colour to match your surroundings (Stealth+).
Your rubbery body absorbs attacks. (AC +1, EV +1)


Message History

The floating eye is heavily wounded.
The kobold demonologist shouts!
The kobold demonologist casts a spell.
The kobold demonologist shouts!
You bite the floating eye!
You kill the floating eye!
Cheibriados appreciates the change of pace.
Your Unarmed Combat skill increases to level 11!
The kobold demonologist looks satisfied for a moment.
Your transformation has ended.
The kobold demonologist mumbles some strange words.
The sun demon hits you!
You are engulfed in flames!
There is an open door, spattered with blood here.
The sun demon completely misses you.
There is a viscous altar of Jiyva here.
The kobold demonologist looks braver for a moment.
The white imp grins evilly.
The sun demon hits you!!
Ouch! That really hurt!
You die...

##########################
#<.#.)'..#..'..#3_#K.'...#
#..').#..').#..@^.55K#...#
#..#####'#####'#__####...+
#..####..#...#(#### ####
#..#__####..##.#
#..#_____##'#_.+
#⌠⌠#_.∩..÷'..._#
####_..__##_.#'#
#_____###+#.# ####### ###


You could see a sun demon, 2 kobold demonologists, a quasit and a white imp.

Vanquished Creatures
  A slime creature (D)
  Sigmund (D)
  A yak (D)
  A floating eye (D)
  An ogre (D)
  A jelly (D)
  Ijyb (D)
7 creatures vanquished.

Notes
Turn   | Place    | Note
-------+----------+-------------------------------------------
     0 | D        | silentkaos13 the Octopode Transmuter began the quest for
                  | the Orb.
     0 | D        | Reached XP level 1. HP: 13/13 MP: 3/3
     2 | D        | Noticed Ijyb
    16 | D        | Killed Ijyb
    16 | D        | Reached skill level 4 in Unarmed Combat
    16 | D        | Reached XP level 2. HP: 10/18 MP: 3/5
   144 | D        | Learned a level 2 spell: Sticks to Snakes
   144 | D        | Noticed an ogre
   153 | D        | Killed an ogre
   153 | D        | Reached skill level 1 in Stealth
   153 | D        | Reached skill level 6 in Unarmed Combat
   153 | D        | Reached XP level 3. HP: 23/23 MP: 1/8
   153 | D        | Reached XP level 4. HP: 28/28 MP: 1/10
   326 | D        | Learned a level 3 spell: Spider Form
   336 | D        | Noticed Sigmund
   345 | D        | Killed Sigmund
   345 | D        | Reached skill level 8 in Unarmed Combat
   345 | D        | Reached skill level 5 in Spellcasting
   345 | D        | Reached skill level 5 in Transmutations
   345 | D        | Reached XP level 5. HP: 31/33 MP: 9/13
   345 | D        | Reached XP level 6. HP: 35/38 MP: 9/14
   358 | D        | Found an ornate altar of the Wu Jian Council.
   358 | D        | Found a shimmering blue altar of Sif Muna.
   360 | D        | Found a radiant altar of Vehumet.
   366 | D        | Reached skill level 5 in Dodging
   366 | D        | Reached skill level 9 in Unarmed Combat
   547 | D        | Found Tymmodd's Antique Armour Emporium.
   547 | D        | Found an ancient bone altar of Kikubaaqudgha.
   547 | D        | Found a hazy altar of Hepliaklqana.
   547 | D        | Found a stormy altar of Qazlal.
   547 | D        | Found a hide-covered altar of Uskayaw.
   547 | D        | Found a blossoming altar of Fedhas.
   547 | D        | Found a bloodstained altar of Trog.
   547 | D        | Found an iron altar of Okawaru.
   547 | D        | Found a basalt altar of Yredelemnul.
   547 | D        | Found a glowing golden altar of the Shining One.
   547 | D        | Found a snail-covered altar of Cheibriados.
   547 | D        | Found a sacrificial altar of Ru.
   547 | D        | Found a glowing silver altar of Zin.
   547 | D        | Found a shadowy altar of Dithmenos.
   547 | D        | Found a white marble altar of Elyvilon.
   547 | D        | Noticed a yak
   548 | D        | Found an opulent altar of Gozag.
   555 | D        | Killed a yak
   555 | D        | Reached skill level 10 in Unarmed Combat
   555 | D        | Reached skill level 1 in Poison Magic
   556 | D        | Found a sparkling altar of Nemelex Xobeh.
   720 | D        | Became a worshipper of Cheibriados the Contemplative
   734 | D        | Found a burning altar of Makhleb.
   734 | D        | Found a viscous altar of Jiyva.
   734 | D        | Found a shimmering altar of Xom.
   734 | D        | Found a corrupted altar of Lugonu.
   734 | D        | Noticed a slime creature
   742 | D        | Killed a slime creature
   742 | D        | Reached skill level 5 in Stealth
   742 | D        | Reached XP level 7. HP: 45/45 MP: 14/17
   755 | D        | Noticed a kobold demonologist
   756 | D        | Noticed a kobold demonologist
   758 | D        | Noticed a sun demon
   758 | D        | Reached skill level 11 in Unarmed Combat
   764 | D        | Mangled by a sun demon

Levels and vault maps discovered:
D:        dungeon_sprint_1 [red_sonja_temple_1, red_sonja_temple_small_1]

Skill      XL: |  1  2  3  4  5  6  7 |
---------------+----------------------+-----
Unarmed Combat | 4 6 8 10 11 | 11.1
Dodging        | 3 4 5 |  5.9
Stealth        | 1 2 5 |  5.6
Spellcasting   | 4 5 6 |  6.9
Transmutations | 3 5 6 |  6.3
Poison Magic   | 1 |  1.7
Fighting       | 2 |  2.3

Action                   |  1- 3 |  4- 6 |  7- 9 || total
-------------------------+-------+-------+-------++-------
Melee: Unarmed           |    17 |    25 |     2 ||    44
       Kick              |     5 |       |       ||     5
       Constrict         |     1 |       |       ||     1
 Cast: Beastly Appendage |     1 |       |       ||     1
       Sticks to Snakes  |     2 |       |       ||     2
       Spider Form       |       |     3 |       ||     3
 Stab: Sleeping          |     1 |     2 |       ||     3
Armor: Skin              |     2 |       |       ||     2
Dodge: Dodged            |     8 |    12 |     1 ||    21

Table legend:
 A = Non-vault XP
 B = Vault XP
 C = Vault XP percentage of total XP
 D = Non-vault monster count
 E = Vault monster count
 F = Vault count percentage of total count
                 A         B        C        D         E       F
            +---------+---------+-------+---------+---------+-------
      Total |       0 |     999 | 100.0 |       0 |       7 | 100.0
            +---------+---------+-------+---------+---------+-------
          D |       0 |     999 | 100.0 |       0 |       7 | 100.0
            +---------+---------+-------+---------+---------+-------
